Map: 하드와이어 - 래더

Players

Zoun

  • Race: Protoss Protoss
  • League: Master

DPGZest (Zest) - Winner!

  • Race: Protoss Protoss
  • League: Master

Event: DreamHack SC2 Masters Last Chance 2022

VOD

Have the link to the VOD?

Description

Time

  • Played on: Dec. 15, 2021, 7:05 a.m.
  • Length: 7:13

All games in this series

Show
View Real Time Build Order
Export as new Build Order

Zoun Protoss 

Build Orders:  

Get SALT Encoding   

  12  0:00  Probe  
  13  0:12  Probe  
  14  0:16  Pylon  
  14  0:24  Probe  
  15  0:36  Probe  
  15  0:37  Forge  
  16  1:04  Pylon  
  16  1:07  Pylon  
  16  1:16  Probe  
  17  1:23  Photon Cannon  
  17  1:24  Pylon  
  17  1:25  Photon Cannon  
  17  1:28  Probe  
  18  1:40  Probe  
  19  2:01  Pylon  
  19  2:03  Pylon  
  19  2:19  Photon Cannon  
  19  2:20  Photon Cannon  
  19  2:21  Photon Cannon  
  19  2:22  Photon Cannon  
  19  2:30  Photon Cannon  
  18  2:40  Photon Cannon  
  16  2:51  Probe (Chrono Boost)  
  16  2:58  Gateway, Assimilator  
  17  3:04  Probe (Chrono Boost)  
  18  3:08  Assimilator  
  18  3:09  Probe (Chrono Boost)  
  19  3:18  Probe  
  20  3:30  Probe (Chrono Boost)  
  21  3:39  Probe (Chrono Boost)  
  22  3:42  Photon Cannon  
  22  3:45  Probe (Chrono Boost)  
  22  3:46  Cybernetics Core  
  23  3:58  Probe  
  23  3:59  Pylon  
  24  4:18  Pylon  
  24  4:20  Stalker (Chrono Boost)  
  26  4:25  Shield Battery  
  26  4:27  Warp Gate  
  26  4:37  Stargate  
  24  4:57  Pylon  
  24  5:02  Pylon  
  24  5:06  Stalker  
  25  5:11  Void Ray (Chrono Boost)  
  25  5:18  Probe  
  30  5:27  Pylon  
  30  5:39  Stalker  
  30  5:42  Void Ray (Chrono Boost)  
  36  5:54  Shield Battery  
  36  6:01  Shield Battery  
  36  6:09  Void Ray (Chrono Boost)  
  40  6:23  Shield Battery  
  40  6:32  Shield Battery  
  40  6:38  Stalker  
Show
View Real Time Build Order
Export as new Build Order

DPGZest Protoss - Winner!

Build Orders: Oracle Opening 

Get SALT Encoding   

  12  0:00  Probe  
  13  0:12  Probe  
  14  0:17  Pylon  
  14  0:24  Probe (Chrono Boost)  
  16  0:36  Gateway, Probe (Chrono Boost)  
  16  0:43  Probe (Chrono Boost)  
  16  0:45  Assimilator  
  17  0:51  Probe  
  18  1:03  Probe (Chrono Boost)  
  19  1:04  Assimilator  
  19  1:10  Forge  
  20  1:12  Probe (Chrono Boost)  
  20  1:24  Pylon  
  20  1:27  Cybernetics Core  
  20  1:43  Photon Cannon  
  20  1:46  Photon Cannon  
  20  1:54  Pylon  
  22  2:12  Photon Cannon  
  22  2:17  Photon Cannon  
  20  2:23  Shield Battery  
  20  2:25  Photon Cannon  
  20  2:33  Shield Battery  
  20  2:44  Probe  
  21  2:46  Shield Battery  
  21  2:56  Probe  
  22  3:08  Warp Gate  
  22  3:09  Stargate  
  22  3:13  Probe  
  23  3:23  Pylon  
  23  3:25  Probe  
  23  3:27  Gateway  
  24  3:41  Probe  
  25  3:52  Oracle (Chrono Boost)  
  28  4:02  Nexus  
  28  4:06  Probe  
  29  4:17  Pylon  
  29  4:19  Probe  
  30  4:31  Probe  
  31  4:33  Twilight Council  
  31  4:37  Void Ray (Chrono Boost)  
  31  4:43  Probe  
  36  4:55  Probe  
  37  5:03  Blink (Chrono Boost)  
  37  5:07  Probe  
  37  5:14  Void Ray (Chrono Boost)  
  38  5:19  Probe x2  
  44  5:31  Gateway  
  44  5:33  Gateway  
  44  5:38  Probe  
  45  5:51  Stalker  
  45  5:55  Photon Cannon, Shield Battery  
  46  6:04  Photon Cannon  
  46  6:15  Stalker  
  48  6:20  Gateway  
  48  6:27  Stalker x2  
  49  6:40  Stalker, Pylon  
  49  6:43  Shield Battery  
  51  6:51  Stalker  
  53  6:54  Pylon  
  53  7:03  Stalker  
  53  7:04  Stalker  

Tags
 
Add a new tag
Caveats
  • Supply blocks, unpowered buildings, or Contaminate may cause inaccurate times.
  • Supply counts are checked every 10 seconds.